 Dungeon Sprint DCSS version 0.17.1-3-g152610e (webtiles) character file.

2422 Groucho the Jinx (level 9, -4/48 HPs)
             Began as a Spriggan Enchanter on Apr 27, 2016.
             Was an Initiate of Dithmenos.
             Incinerated by a hell hog (6 damage)
             ... with a sticky flame
             ... in the Dungeon (Sprint II: "The Violet Keep of Menkaure").
             The game lasted 00:08:59 (888 turns).

Groucho the Jinx (Spriggan Enchanter)                Turns: 888, Time: 00:08:59

Health: -4/48      AC:  5    Str:  7    XL:     9   Next: 24%
Magic:  25/25      EV: 28    Int: 17    God:    Dithmenos [......]
Gold:   206        SH:  0    Dex: 19    Spells: 5 memorised, 18 levels left

rFire  . . .     SeeInvis +     b - +1 short sword of Vischem {pierce, rN+} (curse)
rCold  . . .     Clarity  .     k - +3 robe "Omuoxam" {Dex+3}
rNeg   + . .     SustAt   .     (shield restricted)
rPois  .         Gourm    .     (helmet restricted)
rElec  .         Spirit   .     (no cloak)
rCorr  .         Warding  .     (gloves unavailable)
rMut   .         NoTele   +     (boots unavailable)
MR     +....                    (no amulet)
Stlth  ++........               i - ring of stealth
                                e - ring of invisibility

@: confused, liquid flames, very slightly contaminated, glowing, very quick,
somewhat resistant to hostile enchantments, unstealthy
A: unfitting armour, see invisible, herbivore 3, speed 3, slow metabolism 2
a: Renounce Religion, Evoke Invisibility


You were in the Dungeon.
You worshipped Dithmenos.
Dithmenos was noncommittal.
You were not hungry.

You visited 1 branch You collected 1134 gold pieces.
You spent 928 gold pieces at shops.

Inventory:

Hand Weapons
 a - a +1 dagger
 b - the cursed +1 short sword of Vischem (weapon) {pierce, rN+}
   (You bought it in a shop in the Dungeon)

   It inflicts extra damage upon your enemies.
   It protects you from negative energy.
   It has a curse placed upon it.
Armour
 k - the +3 robe "Omuoxam" (worn) {Dex+3}
   (You bought it in a shop in the Dungeon)

   It affects your dexterity (+3).
Jewellery
 e - a ring of invisibility (left hand)
 i - a ring of stealth (right hand)
Scrolls
 j - a scroll of blinking
 l - a scroll of amnesia {unknown}
Potions
 f - a potion of heal wounds
 g - a potion of haste
 h - 2 potions of magic
Books
 c - a book of Maledictions

   Spells                             Type                      Level
   a - Corona                         Hexes                        1
   b - Ensorcelled Hibernation        Hexes/Ice                    2
   c - Confuse                        Hexes                        3
   d - Tukima's Dance                 Hexes                        3
   e - Dazzling Spray                 Conjuration/Hexes            3
Comestibles
 d - a bread ration


   Skills:
 * Level 6.0 Fighting
 * Level 8.2 Short Blades
 * Level 10.8 Dodging
 + Level 11.0 Stealth
 * Level 11.4 Spellcasting
 * Level 11.7 Hexes
 * Level 10.8 Evocations


You had 18 spell levels left.
You knew the following spells:

 Your Spells              Type           Power        Failure   Level  Hunger
a - Corona                Hex            #####..      1%          1    None
b - Ensorcelled Hibernat  Hex/Ice        ####..       1%          2    None
c - Confuse               Hex            #####...     1%          3    None
d - Dazzling Spray        Conj/Hex       ####....     1%          3    None
e - Tukima's Dance        Hex            #####...     1%          3    None


Dungeon Overview and Level Annotations

Branches:
Dungeon (1/1)

Altars:
Cheibriados
Dithmenos
Elyvilon
Fedhas
Gozag
Kikubaaqudgha
Makhleb
Nemelex Xobeh
Okawaru
Qazlal
Ru
Sif Muna
Trog
Vehumet
Xom
Yredelemnul
Zin
The Shining One
Beogh
Jiyva
Lugonu

Shops:
D *::=[}(!=[}%(%?!

Annotations:
D exclusion: oklob plant


Innate Abilities, Weirdness & Mutations

You are tiny and cannot use many weapons and most armour.
You have supernaturally acute eyesight.
You are a herbivore.
You cover ground extremely quickly.
You need consume almost no food.


Message History

The sticky flame hits you!
You are covered in liquid flames!
The swamp drake closely misses you.
The swamp drake breathes noxious fumes at you.
The noxious blast engulfs the swamp drake.
You closely miss the hell hog.
The hell hog is severely wounded.
You are engulfed in noxious fumes.
You choke on the stench!
You are confused.
You are covered in liquid flames!
The hell hog is engulfed in noxious fumes.
The hell hog appears confused.
The hell hog bites the hell hog.
The hell hog is engulfed in noxious fumes.
The hell hog bites you!
* * * LOW HITPOINT WARNING * * *
You bump into the stone wall.
You are engulfed in noxious fumes.
You choke on the stench!
You are more confused.
* * * LOW HITPOINT WARNING * * *
You are covered in liquid flames!
You die... +# ..### # ...# #+++ ...# ## ... .. ..# k# ≈.## ##.. ####.# k# ≈##. .##.####$.hh##k# ≈#.)#..# ...# #@k§#### ###...####..#####§§##)# )%?($

†###'###.##..#..'§§#..#▓(%)(?
..##.##..##..#..#..#†.#▓$=??[
#†'.<.'.##'..####..##.#▓)$)?$
####.##.#.#....###...##▓▓▓▓▓▓
.###'###.##......≈≈≈≈≈≈≈≈≈≈≈≈
###.#.####§≈.§...≈#'########+#
≈#..#†.#≈≈§≈§≈≈..≈#..._._..#≈≈


You could see 2 hell hogs and 2 swamp drakes.

Vanquished Creatures
  A siren (D)
  A yaktaur (D)
  3 polar bears (D)
  2 boulder beetles (D)
  2 wyverns (D)
  Menkaure (D)
  A wasp (D)
  A crocodile (D)
  4 brain worms (D)
  3 worms (D)
19 creatures vanquished.

Notes
Turn   | Place    | Note
--------------------------------------------------------------
     0 | D        | Groucho the Spriggan Enchanter began the quest for the Orb.
     0 | D        | Reached XP level 1. HP: 9/9 MP: 5/5
     5 | D        | Noticed a siren
     8 | D        | Noticed a brain worm
     8 | D        | Noticed a brain worm
     8 | D        | Noticed a brain worm
     8 | D        | Noticed a brain worm
    18 | D        | Killed a brain worm
    18 | D        | Reached skill level 1 in Fighting
    18 | D        | Reached skill level 6 in Stealth
    18 | D        | Reached skill level 5 in Spellcasting
    18 | D        | Reached skill level 5 in Hexes
    18 | D        | Reached XP level 2. HP: 12/15 MP: 6/9
    18 | D        | Reached XP level 3. HP: 14/18 MP: 6/10
    18 | D        | Reached XP level 4. HP: 17/23 MP: 7/12
    19 | D        | Killed a brain worm
    19 | D        | Reached skill level 5 in Dodging
    19 | D        | Reached skill level 7 in Stealth
    19 | D        | Reached XP level 5. HP: 15/27 MP: 8/15
    22 | D        | Killed a brain worm
    26 | D        | Killed a brain worm
    26 | D        | Reached skill level 8 in Stealth
    26 | D        | Reached XP level 6. HP: 11/32 MP: 8/17
   359 | D        | Noticed a boulder beetle
   359 | D        | Noticed a boulder beetle
   366 | D        | Killed a siren
   366 | D        | Reached skill level 5 in Short Blades
   366 | D        | Reached skill level 9 in Stealth
   366 | D        | Reached skill level 10 in Hexes
   366 | D        | Reached XP level 7. HP: 35/38 MP: 18/21
   375 | D        | Learned a level 2 spell: Ensorcelled Hibernation
   379 | D        | Learned a level 3 spell: Confuse
   383 | D        | Learned a level 3 spell: Dazzling Spray
   387 | D        | Learned a level 3 spell: Tukima's Dance
   400 | D        | Found Huilat's Antique Armour Emporium.
   400 | D        | Found Maxkagych's Food Emporium.
   400 | D        | Found Ijisoytu's Distillery.
   400 | D        | Found Bots's Food Emporium.
   400 | D        | Found Ifozaej's Jewellery Shoppe.
   400 | D        | Found Koihe's Distillery.
   400 | D        | Found Cejit's Gadget Shoppe.
   400 | D        | Found Umnaezeb's Weapon Shoppe.
   400 | D        | Found Ikkul's Magic Scroll Shoppe.
   404 | D        | Found Weunla's Antique Weapon Shoppe.
   404 | D        | Found Jijeoz's Gadget Emporium.
   404 | D        | Noticed Menkaure
   404 | D        | Noticed a redback
   423 | D        | Found Ilajikod's Antique Armour Emporium.
   423 | D        | Found Ivvurunec's Jewellery Shoppe.
   423 | D        | Noticed a redback
   423 | D        | Noticed an oklob plant
   427 | D        | Killed Menkaure
   427 | D        | Reached skill level 10 in Stealth
   427 | D        | Reached skill level 10 in Spellcasting
   428 | D        | Found Guybeymm's Book Shoppe.
   428 | D        | Found Feadugh's Assorted Antiques.
   428 | D        | Found Obiproasi's Book Shoppe.
   429 | D        | Noticed a black bear
   432 | D        | Noticed a black bear
   432 | D        | Noticed a black bear
   432 | D        | Noticed a griffon
   434 | D        | Noticed a griffon
   437 | D        | Bought an uncursed ring of invisibility for 330 gold pieces
   442 | D        | Bought an uncursed ring of stealth for 175 gold pieces
   458 | D        | Noticed a griffon
   459 | D        | Bought a twisted robe for 142 gold pieces
   469 | D        | Identified the +3 robe "Omuoxam" {Dex+3} (You bought it in a shop in the Dungeon)
   517 | D        | Killed a boulder beetle
   522 | D        | Killed a boulder beetle
   522 | D        | Reached XP level 8. HP: 42/42 MP: 21/23
   545 | D        | Bought a crystal short sword for 248 gold pieces
   545 | D        | Identified the cursed +1 short sword of Vischem {pierce, rN+} (You bought it in a shop in the Dungeon)
   590 | D        | Bought a potion of flight for 33 gold pieces
   613 | D        | Found a sacrificial altar of Ru.
   615 | D        | Found an ancient bone altar of Kikubaaqudgha.
   615 | D        | Found a glowing silver altar of Zin.
   616 | D        | Found a snail-covered altar of Cheibriados.
   616 | D        | Found a deep blue altar of Sif Muna.
   617 | D        | Found a radiant altar of Vehumet.
   617 | D        | Found a white marble altar of Elyvilon.
   618 | D        | Found a corrupted altar of Lugonu.
   618 | D        | Found a bloodstained altar of Trog.
   618 | D        | Found an opulent altar of Gozag.
   621 | D        | Found a shimmering altar of Xom.
   621 | D        | Found an iron altar of Okawaru.
   621 | D        | Found a glowing golden altar of the Shining One.
   622 | D        | Found a stormy altar of Qazlal.
   622 | D        | Found a blossoming altar of Fedhas.
   622 | D        | Found a sparkling altar of Nemelex Xobeh.
   623 | D        | Found a basalt altar of Yredelemnul.
   624 | D        | Noticed a polar bear
   625 | D        | Noticed a yaktaur
   625 | D        | Noticed a wasp
   626 | D        | Noticed a polar bear
   626 | D        | Noticed a polar bear
   627 | D        | Killed a polar bear
   628 | D        | Killed a polar bear
   628 | D        | Reached skill level 5 in Fighting
   628 | D        | Reached skill level 11 in Hexes
   630 | D        | Killed a wasp
   631 | D        | Killed a polar bear
   631 | D        | Reached skill level 10 in Dodging
   631 | D        | Reached skill level 10 in Evocations
   633 | D        | Killed a yaktaur
   633 | D        | Reached XP level 9. HP: 46/48 MP: 22/25
   650 | D        | Noticed a wyvern
   651 | D        | Noticed a wyvern
   652 | D        | Killed a wyvern
   664 | D        | Found a roughly hewn altar of Beogh.
   664 | D        | Found a shadowy altar of Dithmenos.
   665 | D        | Found a burning altar of Makhleb.
   665 | D        | Found a viscous altar of Jiyva.
   675 | D        | Became a worshipper of Dithmenos the Shadowed
   688 | D        | Noticed a crocodile
   693 | D        | Killed a crocodile
   861 | D        | Noticed a death drake
   861 | D        | Noticed a swamp drake
   862 | D        | Noticed a swamp drake
   864 | D        | Noticed a death drake
   867 | D        | Killed a wyvern
   879 | D        | Noticed a hell hog
   881 | D        | Noticed a hell hog
   888 | D        | HP: 2/48 [swamp drake] (2)]
   888 | D        | Incinerated by a hell hog

Action                   |  1- 3 |  4- 6 |  7- 9 || total
-------------------------+-------+-------+-------++-------
Melee: Dagger            |     7 |     9 |    16 ||    32
       Short sword       |       |       |    16 ||    16
 Cast: Ensorcelled Hiber |       |       |     5 ||     5
       Confuse           |       |       |     1 ||     1
 Abil: Evoke Invisibilit |       |       |     3 ||     3
  Use: Potion            |     2 |       |     1 ||     3
 Stab: Sleeping          |     1 |     1 |    13 ||    15
       Invisible         |       |       |     3 ||     3
       Confused          |       |       |     1 ||     1
